 Dungeon Crawl Stone Soup version 0.30-a0-1094-g860fb061e7 (webtiles) character file.

Game seed: 6228104177895140167

149 NateTC the Trooper (level 5, -13/33 HPs)
             Began as a Gargoyle Fighter on Apr 17, 2023.
             Was an Initiate of Elyvilon.
             Killed by divine providence
             ... invoked by an orc priest
              (15 damage)
             ... on level 3 of the Dungeon.
             The game lasted 00:04:32 (2043 turns).

NateTC the Trooper (Gargoyle Fighter)               Turns: 2043, Time: 00:04:32

Health: -13/33     AC: 15    Str: 20    XL:     5   Next: 31%
Magic:  5/5        EV:  8    Int:  8    God:    Elyvilon [......]
Gold:   190        SH:  4    Dex: 11    Spells: 4/4 levels left

rFire   . . .      SeeInvis .    a - +0 morningstar
rCold   + . .      Faith    .    c - +0 buckler
rNeg    + . .      Spirit   .    p - +0 chain mail
rPois   ∞          Reflect  .    n - +0 helmet
rElec   +          Rampage  .    s - +0 cloak
rCorr   .                        (no gloves)
Will    .....                    (no boots) Stlth
                                 (no amulet)
HPRegen 0.25/turn                j - ring of protection from cold
MPRegen 0.09/turn                (no ring)

@: no status effects
A: sickness immunity, AC +4, negative energy resistance 1, electricity
resistance, torment resistance 1, petrification resistance
a: Renounce Religion


You were on level 3 of the Dungeon.
You worshipped Elyvilon.
Elyvilon was noncommittal.
You visited 1 branch of the dungeon, and saw 3 of its levels.

You collected 190 gold pieces.

Inventory:

Hand Weapons
 a - a +0 morningstar (weapon)
Armour
 c - a +0 buckler (worn)
 n - a +0 helmet (worn)
 p - a +0 chain mail (worn)
 s - a +0 cloak (worn)
Jewellery
 h - an amulet of magic regeneration
 j - a ring of protection from cold (left hand)
Scrolls
 k - a scroll of identify
 m - 2 scrolls of teleportation
Potions
 b - a potion of flight
 d - a potion of might
 e - a potion of heal wounds
 f - a potion of curing
 g - a potion of resistance
 i - a potion of berserk rage
 l - a potion of attraction
 o - 2 potions of haste
 q - a potion of mutation {unknown}
 r - a potion of lignification {unknown}


   Skills:
 - Level 4.3 Fighting
 * Level 3.6 Maces & Flails
 - Level 3.8 Armour
 - Level 1.0 Dodging
 - Level 3.7 Shields


You had 4 spell levels left.
You didn't know any spells.
Your spell library contained the following spells:

 Spells                   Type           Power      Damage    Failure   Level
 Necrotise                Necr           0%         1d4       99%         1
 Vampiric Draining        Necr           0%         2d6       100%        3
 Agony                    Necr           0%         N/A       100%        5


Dungeon Overview and Level Annotations

Branches:
Dungeon (3/15) Zot: 15880

Altars:
Elyvilon
Wu Jian


Innate Abilities, Weirdness & Mutations

You are immune to sickness and miasma.
Your stone body is resilient. (AC +4)
You are immune to poison.
You resist negative energy. (rN+)
You are resistant to electric shocks. (rElec)
You are resistant to unholy torment.
You are immune to petrification.


Message History

The kobold shouts!
A kobold is nearby!
You hit the kobold.
You kill the kobold!
An orc comes into view. It is wielding a +0 club.
The orc shouts!
Things that are here:
a +0 dagger; a kobold corpse The orc barely misses you.
You hit the orc but do no damage. The orc closely misses you.
You block the orc's attack.
You thump the orc!
You kill the orc!
No target in view!
Things that are here:
a +0 dagger; a kobold corpse
There is a white marble altar of Elyvilon here.
You kneel at the altar of Elyvilon.
Elyvilon welcomes you!
You see here 4 stones.
An orc comes into view. It is wielding a +0 club.
The orc shouts!
An orc is nearby!
An orc priest comes into view. It is wielding a +0 whip.
The orc drinks a potion.
The orc goes berserk!
The orc priest miscasts a cantrip.
The orc closely misses you.
You closely miss the orc. The orc closely misses you.
The orc priest invokes the aid of Beogh against you.
Beogh smites you! The orc hits you with a +0 club.
The orc priest mumbles some strange prayers to Beogh against you.
Beogh smites you!
* * * LOW HITPOINT WARNING * * *
You are too injured to fight recklessly!
You are too injured to fight recklessly!
The orc attacks as you move away! The orc barely misses you.
The orc hits you but does no damage.
The orc priest calls down the wrath of Beogh upon you.
Beogh smites you!
You die...

.........##....#..# #...........
.........#####.#..####...........
........######.#.................
.###..#.#..................####..
###>..(.......###..........#.....
# #######.#................#.##..
#####.......#.##...........#.##.#
#.....###...#.##.............##.#
#.....###.###...@o.........####..
............#.#.#.....o....# ###
#.....#######.#.#.....(....#
#.....#######.#.#..........#
#...............############
#.......#..........#
#..............###.#
...................#####
##..#..................#


You could see an orc priest and an orc (berserk).

Vanquished Creatures
  Jessica (D:2)
  Terence (D:3)
  Robin (D:2)
  2 adders (D:3)
  2 dart slugs
  4 orcs (D:3)
  2 ball pythons
  5 bats
  2 endoplasms
  A giant cockroach (D:2)
  17 goblins
  5 hobgoblins
  6 kobolds
  2 quokkas
  2 frilled lizards (D:1)
  7 rats
60 creatures vanquished.

Notes
Turn   | Place    | Note
-------+----------+-------------------------------------------
     0 | D:1      | NateTC the Gargoyle Fighter began the quest for the Orb.
     0 | D:1      | Reached XP level 1. HP: 14/14 MP: 1/1
   138 | D:1      | Reached XP level 2. HP: 19/19 MP: 2/2
   633 | D:2      | Reached XP level 3. HP: 20/24 MP: 3/3
   722 | D:2      | Noticed Robin
   738 | D:2      | Killed Robin
   752 | D:2      | Reached skill level 4 in Fighting
   761 | D:2      | Reached XP level 4. HP: 18/29 MP: 4/4
   903 | D:2      | Noticed Jessica
   915 | D:2      | Killed Jessica
  1672 | D:3      | Noticed Terence
  1768 | D:3      | Killed Terence
  1769 | D:3      | Reached XP level 5. HP: 30/33 MP: 5/5
  1882 | D:3      | Reached skill level 1 in Dodging
  1943 | D:3      | Found a white marble altar of Elyvilon.
  1953 | D:3      | Found an ornate altar of the Wu Jian Council.
  1977 | D:3      | Became a worshipper of Elyvilon the Healer
  2043 | D:3      | Killed from afar by an orc priest

Illustrated notes

Levels and vault maps discovered:
D:1:      roderic_chinese_lattice_arrival, layout_loops_ring
D:2:      layout_rooms, uniq_jessica, uniq_robin
D:3:      layout_basic, grunt_temple_overflow_open, dreamdust_mushroom_princess,
          uniq_terence

Skill      XL: |  1  2  3  4  5 |
---------------+----------------+-----
Fighting       | 4 |  4.3
Maces & Flails | 3 |  3.6
Dodging        | 1 |  1.0
Armour         | |  3.8
Shields        | |  3.7

Action                     |  1- 3 |  4- 6 || total
---------------------------+-------+-------++-------
  Melee: Flail             |   127 |    72 ||   199
         Morningstar       |       |    34 ||    34
    Use: Scroll            |     1 |     7 ||     8
         Potion            |     2 |       ||     2
 Armour: Scale mail        |    80 |    20 ||   100
         Chain mail        |       |    40 ||    40
  Dodge: Dodged            |    67 |    50 ||   117
  Block: Buckler           |    35 |    33 ||    68

Table legend: (Time is in decaauts)
 A = Elapsed time spent in this place.
 B = Non-inter-level travel time spent in this place.
 C = Inter-level travel time spent in this place.
 D = Time resting spent in this place.
 E = Time spent auto-exploring this place.
 F = Levels seen in this place.
 G = Mean time per level.
                   A        B        C        D        E       F      G
               +--------+--------+--------+--------+--------+-----+--------+
         Total |   2118 |   2063 |     55 |     42 |   1400 |   3 |  706.0 |
       Dungeon |   2118 |   2063 |     55 |     42 |   1400 |   3 |  706.0 |
               +--------+--------+--------+--------+--------+-----+--------+

Top non-repeatable levels by time:
     D:3: 899 daAuts
     D:2: 609 daAuts
     D:1: 609 daAuts
